 Dungeon Crawl Stone Soup version 0.28-a0-1038-g9c4cb8273d (webtiles) character file.

Game seed: 9700785646629457236

113879 sanka the Corrupter of Planes (level 16, 0/139 HPs)
             Began as a Palentonga Abyssal Knight on Dec 8, 2021.
             Was the Champion of Lugonu.
             Shot with an arrow by a naga sharpshooter (13 damage)
             ... on level 1 of the Snake Pit.
             The game lasted 01:09:53 (36487 turns).

sanka the Corrupter of Planes (PaAK)               Turns: 36487, Time: 01:09:54

Health: 0/139      AC: 29    Str: 26    XL:     16   Next: 15%
Magic:  26/26      EV:  7    Int:  7    God:    Lugonu [******]
Gold:   2461       SH: 16    Dex: 14    Spells: 15/15 levels left

rFire   . . .      SeeInvis +   a - +3 morningstar (flame)
rCold   + + .      Faith    .   k - +0 kite shield
rNeg    . . .      Spirit   .   D - +1 chain mail of Quofekia {rElec rC+ Will+ Int-5}
rPois   .          Reflect  +   V - +1 hat
rElec   +          Harm     .   Q - +2 cloak
rCorr   .          Rampage  .   C - +1 pair of gloves
Will    ++...                   (no barding)
Stlth   ..........              R - amulet of reflection
HPRegen 0.33/turn               E - ring of Spontaneous Combustion {rC+ Str+6}
MPRegen 0.20/turn               L - +4 ring of protection

@: mighty, constricted, curled up
A: large, rugged brown scales 3, see invisible, deformed body, roll 1, armoured
tail, reflexive curl
a: Rolling Charge, Renounce Religion, Depart the Abyss, Bend Space, Banish,
Corrupt, Enter the Abyss, Brand Weapon With Distortion


You were on level 1 of the Snake Pit.
You worshipped Lugonu.
Lugonu was exalted by your worship.
You visited 4 branches of the dungeon, and saw 24 of its levels.
You visited the Abyss 1 time.
You also visited: Sewer.

You collected 2461 gold pieces.


Innate Abilities, Weirdness & Mutations

You are completely covered in rugged brown scales. (AC +3, +7% HP)
You have supernaturally acute eyesight. (SInv)
Armour fits poorly on your strangely shaped body.
You can roll at nearby foes to attack.
You have a long armoured tail.
You curl defensively after being hit. (AC +7*)


   Skills:
 - Level 13.1 Fighting
 + Level 10.6(12.9) Axes
 - Level 12.0(13.6) Maces & Flails
 - Level 9.3 Armour
 - Level 9.3 Dodging
 - Level 9.0 Shields
 - Level 13.3 Invocations


You had 15 spell levels left.
You didn't know any spells.
Your spell library contained the following spells:

 Spells                   Type           Power      Damage    Failure   Level
 Sandblast                Erth           0%         2d4       92%         1
 Slow                     Hex            0%         N/A       92%         1
 Blink                    Tloc           0%         N/A       98%         2
 Ensorcelled Hibernation  Hex/Ice        0%         N/A       98%         2
 Passwall                 Tmut/Erth      0%         N/A       98%         2
 Confusing Touch          Hex            0%         N/A       100%        3
 Gell's Gravitas          Tloc           0%         N/A       100%        3
 Lesser Beckoning         Tloc           0%         N/A       100%        3
 Stone Arrow              Conj/Erth      0%         3d7       100%        3
 Swiftness                Air            0%         N/A       100%        3
 Teleport Other           Tloc           0%         N/A       100%        3
 Tukima's Dance           Hex            0%         N/A       100%        3
 Vampiric Draining        Necr           0%         2d6       100%        3
 Freezing Cloud           Conj/Ice/Air   0%         6-21      100%        5
 Manifold Assault         Tloc           0%         N/A       100%        5
 Metabolic Englaciation   Hex/Ice        0%         N/A       100%        5
 Yara's Violent Unravell  Hex/Tmut       0%         3d3       100%        5
 Simulacrum               Ice/Necr       0%         N/A       100%        6
 Polar Vortex             Ice            0%         N/A       100%        9

Inventory:

Hand Weapons
 a - a +3 morningstar of flaming (weapon)
 Y - a +1 broad axe of protection
Armour
 k - a +0 kite shield (worn)
 C - a +1 pair of gloves (worn)
 D - the +1 chain mail of Quofekia (worn) {rElec rC+ Will+ Int-5}

   Int:       It affects your intelligence (-5).
   rC:        It protects you from cold.
   rElec:     It insulates you from electricity.
   Will:      It increases your willpower.
 M - +0 acid dragon scales
 Q - a +2 cloak (worn)
 V - a +1 hat (worn)
Magical Staves
 n - a staff of air
 I - a staff of fire
 S - a staff of conjuration {!a}
Jewellery
 b - a +6 ring of strength
 l - an amulet of regeneration
 x - a ring of protection from cold
 E - the ring of Spontaneous Combustion (left hand) {rC+ Str+6}

   [ring of strength]

   Str:       It affects your strength (+6).
   rC:        It protects you from cold.
 L - a +4 ring of protection (right hand)
 P - a ring of resist corrosion
 R - an amulet of reflection (around neck)
 U - a ring of willpower
Wands
 o - a wand of flame (23)
 s - a wand of paralysis (5)
 N - a wand of iceblast (9)
 O - a wand of digging (6)
 T - a wand of mindburst (3)
 Z - a wand of polymorph (8)
Scrolls
 e - 5 scrolls of teleportation {@r4}
 h - 3 scrolls of immolation {!r}
 i - 2 scrolls of silence {!r}
 j - 2 scrolls of fog
 q - 3 scrolls of fear
 r - 5 scrolls of magic mapping
 u - 4 scrolls of enchant weapon
 w - 4 scrolls of summoning
 y - 7 scrolls of blinking
 F - 2 scrolls of holy word
 K - 2 scrolls of enchant armour
 W - 3 scrolls of vulnerability {!r}
Potions
 c - 4 potions of haste {@q3}
 d - 3 potions of heal wounds {@q2}
 f - 13 potions of curing {@q1}
 g - 2 potions of invisibility {unknown}
 m - 4 potions of resistance
 p - 2 potions of magic {unknown}
 t - a potion of berserk rage {unknown}
 v - 2 potions of might
 z - 2 potions of cancellation {unknown}
 A - 2 potions of flight
 B - 6 potions of ambrosia
 G - 2 potions of mutation {unknown}
 H - 3 potions of lignification {!q}
 J - 2 potions of attraction {unknown}
 X - 2 potions of brilliance

Dungeon Overview and Level Annotations

Branches:
Dungeon (15/15)            Temple (0/1) D:7            Lair (6/6) D:11
 Shoals (0/4) Lair:3        Snake (1/4) Lair:2        Slime (0/5) Lair:5
    Orc (2/2) D:12            Elf (0/3) Orc:2        Vaults (0/5) D:14
 Depths (0/4) D:15          Sewer (visited)

Altars:
Ashenzari
Gozag
Nemelex Xobeh
Okawaru
Zin
Beogh

Shops:
D:4 [   Orc:1 :(   Orc:2 ?:([   Snake:1 [

Annotations:
D:10 3 runed translucent doors, vurker's ghost, journeyman DjFE
Abyss:1 Rupert

▒▒▒▒▒▒▒▒▒▒ ▒........▒ ▒........▒
▒▒▒▒▒▒▒▒▒▒▒▒░
▒........▒▒▒▒▒▒NH.)...../.░
▒...........£..N▒▒▒▒▒▒▒▒▒.░
▒........▒▒▒▒..▒▒ ░,░
▒......8.>.∩.8.▒ ░,░
▒........▒▒▒▒▒▒▒ ░,░ ▒▒▒▒▒▒.▒▒▒
░,░ ░░░░ ▒.)...(▒░░░░ ░░░,░░░░,,,
..▒▒▒▒.....▒░░░░░░░░ ░░,,,░░,,,,,
....../.....≈≈≈≈≈,,░░░,,,,,,,,░░░


You could see a naga sharpshooter and a naga (catching breath).


Message History

You hit the naga sharpshooter but do no damage.
The naga sharpshooter is heavily wounded.
You feel sick. You block the naga's attack. The naga grabs you.
The naga constricts you.
The naga sharpshooter shoots an arrow.
The arrow hits you but does no damage.
You closely miss the naga.
The naga is lightly wounded.
You feel sick. The naga hits you with a +0 broad axe.
* * * LOW HITPOINT WARNING * * *
The naga constricts you.
You barely miss the naga.
The naga is lightly wounded.
You feel sick.
You are no longer poisoned.
The naga sharpshooter gestures wildly while chanting.
The naga sharpshooter magically shoots an arrow.
You reflect the arrow off an invisible shield around you!
The naga barely misses you. The naga constricts you.
You bludgeon the naga sharpshooter!! You burn the naga sharpshooter.
You tail-slap the naga sharpshooter.
The naga sharpshooter is severely wounded.
The naga sharpshooter shoots an arrow.
The arrow hits you!
You die...

Action                   |  1- 3 |  4- 6 |  7- 9 | 10-12 | 13-15 | 16-18 || total
-------------------------+-------+-------+-------+-------+-------+-------++-------
Melee: Mace              |   136 |       |       |       |       |       ||   136
       Tailslap          |    11 |    14 |    55 |   120 |   296 |    21 ||   517
       Short sword       |     3 |   112 |    96 |       |       |       ||   211
       Flail             |       |    11 |   165 |       |       |       ||   176
       Dagger            |       |       |    65 |   111 |       |       ||   176
       Morningstar       |       |       |       |   625 |  1450 |    94 ||  2169
       Unarmed           |       |       |       |       |    13 |       ||    13
Throw: Dart              |       |       |       |     1 |     1 |       ||     2
       Throwing net      |       |       |       |       |     1 |       ||     1
Invok: Banish            |       |       |     1 |     4 |    11 |     1 ||    17
 Abil: Rolling Charge    |     1 |     2 |    11 |    17 |    16 |     1 ||    48
Evoke: Wand              |       |       |       |     4 |       |       ||     4
  Use: Scroll            |       |       |    11 |     8 |    10 |     2 ||    31
       Potion            |       |       |     1 |       |     3 |     3 ||     7
 Stab: Paralysed         |       |       |       |     8 |       |       ||     8
       Distracted        |       |       |       |     1 |       |       ||     1
       Petrified         |       |       |       |       |     4 |       ||     4
       Held in net/web   |       |       |       |       |     1 |       ||     1
Armor: Leather armour    |    55 |    34 |    55 |       |       |       ||   144
       Ring mail         |       |       |    47 |    21 |       |       ||    68
       Acid dragon scale |       |       |       |   243 |   275 |       ||   518
       Chain mail        |       |       |       |       |   266 |    59 ||   325
Dodge: Dodged            |    50 |    30 |   100 |   194 |   435 |    41 ||   850
Block: Kite shield       |    14 |    38 |   152 |   402 |  1142 |   102 ||  1850
       Reflection        |       |       |       |     1 |    45 |    11 ||    57
       Other             |       |       |       |       |     4 |       ||     4

Levels and vault maps discovered:
D:1:      dpeg_arrival_round_b, layout_basic,
          shapermc_ecumenical_altar_notcrosses, serial_corexii_hall,
          corexii_hall_statues_i, chequers_hall_statues_y
D:2:      minmay_alternating_diamond, layout_basic, basic_altar
D:3:      layout_basic, gup_sewer_entry_pipe
D:4:      layout_rooms, serial_shops, nicolae_shop_waterfront
D:5:      layout_basic, uniq_prince_ribbit1
D:6:      layout_basic, interstate_on_off
D:7:      layout_loops_ring, minmay_temple_entry_statues_fountains,
          grunt_decor_junction, hangedman_decor_opposing, minivault_27,
          grunt_decor_clamped
D:8:      layout_basic, uniq_maggie
D:9:      layout_basic, gammafunk_temple_overflow_claw, uniq_maurice
D:10:     layout_roguey, gammafunk_ghost_split, minmay_misc_feat_rows,
          kb_rosetta, uniq_erica
D:11:     nicolae_cairo_tiling_large_dashed, layout_loops_ring,
          david_lair_generic
D:12:     layout_loops_corners, zombieorc1_lemuel
D:13:     layout_cave_pools
D:14:     layout_grid_maze, david_vaults_4, nicolae_twisting_strands
D:15:     gammafunk_enter_depths_forms, layout_cave_pools,
          amcnicky_mini_rare_corridor_liquid, minivault_7
Lair:1:   layout_roguey, beast_lair_carwin_5
Lair:2:   layout_regular_city, guppyfry_snake_entry_garden, fungi_pond_lemuel,
          st_stairs_5, nicolae_lair_run_with_the_wolves
Lair:3:   layout_long_grid, minmay_shoals_entry_beasts,
          infiniplex_staircase_pool_2, uniq_snorg
Lair:4:   minmay_lair_oklob_chamber, layout_misc_corridors,
          grunt_forest_stairs_clearing
Lair:5:   layout_gridlike, dpeg_slime_entry_corner, basic_altar,
          nicolae_quartered_pool_little
Lair:6:   cheibrodos_lair_end_hotspot, layout_regular_city,
          chequers_serial_rivers_large_a, chequers_serial_rivers_micro_c,
          ice2_lemuel, uniq_kirke
Snake:1:  layout_rooms, serial_shops, bzr_entry_islet, shop_statue, shop,
          portal_ice_cave_entry_pillars_three, serial_bayou_shore_b, uniq_rupert
Orc:1:    layout_diamond_mine, serial_shops, nicolae_shop_stone,
          nicolae_shop_self_help, uniq_fannar
Orc:2:    st_orc_ogre_mass, layout_caves, basic_altar

Notes
Turn   | Place    | Note
-------+----------+-------------------------------------------
     0 | Abyss:1  | sanka the Palentonga Abyssal Knight began the quest for the
                  | Orb.
     0 | Abyss:1  | Reached XP level 1. HP: 19/19 MP: 2/2
    48 | Abyss:1  | Found a corrupted altar of Lugonu.
    67 | D:1      | Escaped the Abyss
   669 | D:1      | Reached XP level 2. HP: 23/25 MP: 3/3
   742 | D:1      | Found a faded altar of an unknown god.
   891 | D:1      | Reached skill level 3 in Maces & Flails
  1298 | D:2      | Found a broken altar of Ashenzari.
  1540 | D:2      | Reached XP level 3. HP: 30/31 MP: 4/4
  1555 | D:2      | Reached ** piety under Lugonu
  2448 | D:2      | Reached skill level 4 in Maces & Flails
  2848 | D:3      | Found a glowing drain.
  2871 | Sewer    | Entered a sewer
  2881 | Sewer    | Reached XP level 4. HP: 37/37 MP: 5/5
  3013 | Sewer    | Reached skill level 1 in Shields
  3295 | D:3      | Reached XP level 5. HP: 36/43 MP: 5/7
  3628 | D:4      | Noticed a necrophage
  3651 | D:3      | Killed a necrophage
  3652 | D:3      | Reached skill level 2 in Shields
  3652 | D:3      | Reached skill level 3 in Invocations
  3675 | D:4      | Reached *** piety under Lugonu
  3703 | D:4      | Reached XP level 6. HP: 50/50 MP: 8/8
  3772 | D:4      | Reached skill level 5 in Maces & Flails
  3909 | D:4      | Found Dyxen's Antique Armour Emporium.
  4210 | D:5      | Entered Level 5 of the Dungeon
  4237 | D:5      | Reached skill level 4 in Invocations
  4595 | D:5      | Gained mutation: You curl defensively after being hit. (AC
                  | +7*) [Palentonga growth]
  4595 | D:5      | Reached XP level 7. HP: 42/55 MP: 10/10
  4667 | D:5      | Reached skill level 3 in Shields
  4886 | D:5      | Reached skill level 5 in Invocations
  4895 | D:5      | Noticed Prince Ribbit
  4906 | D:5      | Killed Prince Ribbit
  4907 | D:5      | Reached skill level 6 in Maces & Flails
  4907 | D:5      | Reached skill level 4 in Shields
  5011 | D:5      | Reached XP level 8. HP: 42/62 MP: 12/12
  5494 | D:6      | Reached skill level 6 in Invocations
  5640 | D:6      | Reached skill level 5 in Shields
  5992 | D:6      | Reached skill level 7 in Invocations
  6378 | D:7      | Reached **** piety under Lugonu
  6507 | D:7      | Identified +0 steam dragon scales
  6508 | D:7      | Reached skill level 6 in Shields
  6548 | D:7      | Noticed a troll
  6554 | D:7      | Banished a troll
  6555 | D:7      | Reached skill level 8 in Invocations
  6555 | D:7      | Reached XP level 9. HP: 67/67 MP: 9/15
  6832 | D:7      | Reached skill level 7 in Shields
  6876 | D:7      | Found a staircase to the Ecumenical Temple.
  8004 | D:7      | Reached skill level 8 in Shields
  8242 | D:8      | Reached skill level 9 in Shields
  8373 | D:8      | Reached XP level 10. HP: 66/75 MP: 16/16
  8476 | D:8      | Reached skill level 4 in Fighting
  8737 | D:8      | Identified +0 acid dragon scales
  8737 | D:8      | Noticed Maggie
  8753 | D:8      | Killed Maggie
  8754 | D:8      | Reached skill level 7 in Maces & Flails
  8816 | D:8      | Reached ***** piety under Lugonu
  9354 | D:9      | Reached skill level 5 in Fighting
  9442 | D:11     | Noticed a white ugly thing
  9443 | D:11     | Banished a white ugly thing
  9566 | D:11     | Reached skill level 8 in Maces & Flails
  9567 | D:11     | Reached skill level 6 in Fighting
  9759 | D:11     | Identified the ring of Spontaneous Combustion {rC+ Str+6}
  9810 | D:10     | Entered Level 10 of the Dungeon
  9843 | D:10     | Noticed a wizard
  9853 | D:10     | Killed a wizard
  9866 | D:10     | Noticed a centaur warrior
  9876 | D:10     | Reached skill level 7 in Fighting
  9978 | D:10     | Noticed a two-headed ogre
  9991 | D:10     | Killed a two-headed ogre
  9992 | D:10     | Reached skill level 9 in Maces & Flails
 10115 | D:9      | Reached XP level 11. HP: 89/89 MP: 17/17
 10546 | D:9      | Noticed Maurice
 10583 | D:9      | Killed Maurice
 10614 | D:9      | Reached skill level 8 in Fighting
 10642 | D:9      | Reached skill level 10 in Maces & Flails
 10722 | D:9      | Found a glowing silver altar of Zin.
 10722 | D:9      | Found an iron altar of Okawaru.
 10724 | D:9      | Found an opulent altar of Gozag.
 11045 | D:10     | Noticed a two-headed ogre
 11062 | D:10     | Killed a two-headed ogre
 11135 | D:10     | Found a runed translucent gate.
 11135 | D:10     | Found a runed translucent gate.
 11135 | D:10     | Found a runed translucent gate.
 11138 | D:10     | Noticed vurker's ghost (journeyman DjFE)
 11326 | D:10     | Noticed Erica
 11347 | D:10     | Killed Erica
 11348 | D:10     | Reached skill level 11 in Maces & Flails
 11454 | D:10     | Killed a centaur warrior
 11714 | D:10     | Identified 3 potions of resistance
 11869 | D:11     | Reached skill level 12 in Maces & Flails
 11879 | D:11     | Found a staircase to the Lair.
 12350 | D:12     | Noticed a deep elf pyromancer
 12411 | D:11     | Reached skill level 9 in Invocations
 12438 | D:11     | Killed a deep elf pyromancer
 12673 | D:12     | Found a staircase to the Orcish Mines.
 13245 | D:12     | Reached skill level 10 in Invocations
 13251 | D:12     | Noticed a six-headed hydra
 13255 | D:12     | Killed a six-headed hydra
 13256 | D:12     | Reached XP level 12. HP: 96/98 MP: 19/19
 13335 | D:12     | Noticed an eight-headed hydra
 13343 | D:12     | Killed an eight-headed hydra
 13679 | Lair:1   | Entered Level 1 of the Lair of Beasts
 13708 | Lair:1   | Reached skill level 11 in Invocations
 14078 | Lair:1   | Noticed a five-headed hydra
 14091 | Lair:1   | Killed a five-headed hydra
 14389 | Lair:1   | Reached skill level 12 in Invocations
 14671 | Lair:1   | Reached skill level 9 in Fighting
 15639 | Lair:2   | Reached skill level 10 in Fighting
 15838 | Lair:2   | Found a staircase to the Snake Pit.
 16048 | Lair:2   | Noticed a six-headed hydra
 16066 | Lair:2   | Killed a six-headed hydra
 16104 | Lair:2   | Reached skill level 11 in Fighting
 16351 | Lair:2   | Noticed an eight-headed hydra
 16355 | Lair:2   | Killed an eight-headed hydra
 16686 | Lair:3   | Reached XP level 13. HP: 79/114 MP: 22/22
 16693 | Lair:3   | Reached skill level 12 in Fighting
 16693 | Lair:3   | Reached skill level 1 in Dodging
 16826 | Lair:3   | Reached skill level 2 in Armour
 17025 | Lair:3   | Reached skill level 2 in Dodging
 17381 | Lair:3   | Reached skill level 3 in Armour
 17402 | Lair:3   | Found a staircase to the Shoals.
 17410 | Lair:3   | Noticed Snorg
 17422 | Lair:3   | Killed Snorg
 17423 | Lair:3   | Reached skill level 3 in Dodging
 17863 | Lair:3   | Reached skill level 4 in Armour
 18298 | Lair:4   | Reached skill level 4 in Dodging
 18390 | Lair:4   | Reached ****** piety under Lugonu
 18757 | Lair:4   | Reached skill level 5 in Armour
 18967 | Lair:4   | Identified the +0 pair of boots of the Final Visionaries
                  | {Rampage Dex+4 Slay-6 Stlth+}
 19103 | Lair:4   | Reached skill level 5 in Dodging
 19885 | Lair:5   | Reached skill level 6 in Armour
 20049 | Lair:5   | Reached skill level 6 in Dodging
 20146 | Lair:5   | Found a sparkling altar of Nemelex Xobeh.
 20727 | Lair:5   | Found a staircase to the Slime Pits.
 20988 | Lair:6   | Entered Level 6 of the Lair of Beasts
 21236 | Lair:5   | Reached XP level 14. HP: 112/123 MP: 23/23
 21518 | Lair:5   | Reached skill level 7 in Armour
 21886 | Lair:6   | Reached skill level 7 in Dodging
 22232 | Lair:6   | Identified +0 steam dragon scales
 22596 | Lair:6   | Noticed Kirke
 23247 | Lair:5   | Reached skill level 8 in Armour
 23707 | Lair:6   | Reached skill level 8 in Dodging
 24094 | Lair:6   | Found a large runed translucent door.
 24212 | Lair:6   | Identified +0 steam dragon scales
 24495 | Lair:5   | Noticed a sphinx
 25383 | Lair:6   | Found a large runed translucent door.
 26557 | Lair:6   | Got the Almanac of the Snowflakes
 27034 | Lair:6   | Identified the +1 chain mail of Quofekia {rElec rC+ Will+
                  | Int-5}
 27193 | Lair:4   | Noticed a sphinx
 27198 | Lair:4   | Killed Kirke
 27349 | Orc:1    | Entered Level 1 of the Orcish Mines
 27356 | Orc:1    | Found Bakiwnobi's Self-Improvement Boutique.
 27836 | Orc:1    | Noticed Fannar
 27865 | Orc:1    | Killed Fannar
 27962 | Orc:1    | Found Maapeonk's Weapon Boutique.
 28364 | Orc:2    | Entered Level 2 of the Orcish Mines
 28704 | Orc:2    | Found a staircase to the Elven Halls.
 28745 | Orc:2    | Reached XP level 15. HP: 115/130 MP: 24/24
 28899 | Orc:2    | Reached skill level 9 in Dodging
 28909 | Orc:2    | Reached skill level 9 in Armour
 28915 | Orc:2    | Reached skill level 13 in Invocations
 28940 | Orc:2    | Identified a +2 robe of the Archmagi
 29116 | Orc:2    | Reached skill level 13 in Fighting
 29930 | Orc:2    | Found Xasui's Book Emporium.
 29930 | Orc:2    | Found Wizxog's Armour Shop.
 29930 | Orc:2    | Found Dequits's Magic Scroll Boutique.
 29930 | Orc:2    | Found Saosta's Antique Weapon Emporium.
 30384 | D:13     | Reached skill level 1 in Axes
 30482 | D:13     | Identified the ring of Grace {rC+ Will- Str+2 Int+6 Dex+2}
 30510 | D:13     | Reached skill level 2 in Axes
 30522 | D:13     | Reached skill level 3 in Axes
 31046 | D:14     | Reached skill level 4 in Axes
 31486 | D:14     | Reached skill level 5 in Axes
 31863 | D:14     | Found a gate to the Vaults.
 31969 | D:14     | Reached skill level 6 in Axes
 32582 | D:15     | Entered Level 15 of the Dungeon
 32851 | D:14     | Reached skill level 7 in Axes
 33628 | D:14     | Reached skill level 8 in Axes
 34331 | D:14     | Reached skill level 9 in Axes
 34967 | D:15     | Reached XP level 16. HP: 60/139 MP: 26/26
 35944 | D:15     | Found a staircase to the Depths.
 36237 | Snake:1  | Entered Level 1 of the Snake Pit
 36241 | Snake:1  | Noticed Rupert
 36246 | Snake:1  | Paralysed by Rupert for 4 turns
 36254 | Lair:2   | Banished Rupert
 36255 | Lair:2   | Reached skill level 10 in Axes
 36454 | Snake:1  | Found Aqagif's Armour Shoppe.
 36480 | Snake:1  | HP: 10/139 [naga sharpshooter/arrow (6)]
 36485 | Snake:1  | HP: 13/139 [naga (3)]
 36487 | Snake:1  | Shot with an arrow by a naga sharpshooter

Vanquished Creatures
  Kirke (Lair:4)
  Snorg (Lair:3)
  A fire dragon (Lair:6)
  A vault guard (D:13)
  A naga warrior (Snake:1)
  3 boulder beetles
  Fannar (Orc:1)
  A great orb of eyes (D:15)
  17 hydras
  4 ogre magi (Orc:2)
  A catoblepas (Lair:5)
  8 centaur warriors
  Erica (D:10)
  An anaconda (Snake:1)
  A death knight (D:14)
  16 two-headed ogres
  9 death yaks
  An orc high priest (D:12)
  A shock serpent (Snake:1)
  3 skeletal warriors (D:14)
  A deep troll (D:14)
  A wizard (D:10)
  A harpy (shapeshifter) (D:15)
  2 orc knights
  2 deep elf pyromancers
  3 cyclopes
  9 ugly things
  2 manticores
  2 wolf spiders (Lair:2)
  A salamander (shapeshifter) (D:14)
  Maurice (D:9)
  10 elephants
  9 black mambas
  An ice statue (Lair:6)
  2 molten gargoyles (Lair:6)
  An unseen horror (D:13)
  A gargoyle (D:11)
  15 cane toads
  An ice devil (Lair:6)
  Maggie (D:8)
  5 rime drakes
  An efreet (D:15)
  13 komodo dragons
  A komodo dragon (shapeshifter) (D:9)
  A queen bee (D:15)
  4 meliai
  A wind drake (Lair:3)
  Prince Ribbit (D:5)
  4 trolls
  4 polar bears
  10 slime creatures
  4 dream sheep (Lair:5)
  18 blink frogs
  A spriggan (Lair:4)
  2 shadows
  A spriggan (shapeshifter) (D:13)
  3 wraiths
  5 wyverns
  41 yaks
  4 hogs
  9 basilisks
  A hog (shapeshifter) (D:14)
  6 vampire mosquitoes
  4 steam dragons
  A naga (shapeshifter) (D:15)
  3 nagas
  A warg (Orc:1)
  18 water moccasins
  4 hell hounds (Lair:6)
  3 sky beasts
  7 ice beasts (Lair:6)
  16 orc warriors
  5 black bears
  28 ogres
  3 necrophages
  20 centaurs
  24 wolves
  4 phantoms
  5 kobold brigands
  20 bullfrogs
  A wyvern skeleton (D:7)
  3 troll zombies (D:12)
  24 killer bees
  4 wights (D:9)
  A howler monkey (D:11)
  3 centaur zombies
  4 lava snakes (Lair:6)
  A centaur skeleton (D:5)
  2 bullfrog zombies (D:6)
  3 hounds
  17 orc priests
  A bullfrog skeleton (D:7)
  2 gnoll shamans
  4 iguanas
  16 orc wizards
  A killer bee zombie (D:7)
  3 ogre zombies (D:12)
  A howler monkey zombie (D:7)
  6 gnolls
  A howler monkey skeleton (D:7)
  3 adders
  2 river rats (Sewer)
  2 white imps
  A howler monkey simulacrum (D:10)
  An ufetubus (D:7)
  2 worms
  3 dart slugs
  54 orcs
  3 endoplasms
  6 giant cockroaches
  3 goblins (D:2)
  4 hobgoblins
  7 jackals
  5 quokkas
  7 ball pythons
  4 bats
  8 frilled lizards
  A goblin skeleton (D:12)
  4 goblin zombies (D:12)
  A hobgoblin zombie (D:12)
  33 kobolds
  3 orc skeletons (D:12)
  10 orc zombies (D:12)
  12 rats
722 creatures vanquished.

Vanquished Creatures (others)
  A komodo dragon (Lair:6)
  A hell hound (Lair:6)
  48 fungi
  34 plants
84 creatures vanquished.

Grand Total: 806 creatures vanquished
